 Dungeon Crawl Stone Soup version 0.17.2-1-ge4368a0 (webtiles) character file.

3161 Goblin1989 the Grappler (level 9, 0/89 HPs)
             Began as a Troll Hunter on Sept 27, 2016.
             Slain by a killer bee (1 damage)
             ... on level 11 of the Dungeon.
             The game lasted 00:21:49 (1532 turns).

Goblin1989 the Grappler (Troll Hunter)              Turns: 1532, Time: 00:21:50

Health: 0/89       AC:  6    Str: 22    XL:     9   Next: 62%
Magic:  8/8        EV: 15    Int:  7    God:    Xom [...*..]
Gold:   47         SH:  0    Dex: 15    Spells: 0 memorised, 8 levels left

rFire  . . .     SeeInvis .       - Unarmed
rCold  + . .     Clarity  .     h - +1 robe {rC+}
rNeg   . . .     SustAt   .     (no shield)
rPois  .         Gourm    +     (helmet restricted)
rElec  .         Spirit   .     (no cloak)
rCorr  .         Warding  .     (gloves unavailable)
rMut   .         Stasis   .     (boots unavailable)
MR     .....                    (no amulet)
Stlth  +.........               (no ring)
                                (no ring)

@: lethally poisoned (0 -> 0), very slightly contaminated, hasted, very quick,
not resistant to hostile enchantments, very unstealthy
A: unfitting armour, claws 3, repulsion field 1, agile 1, fast metabolism 3,
gourmand, sense surroundings 1, regeneration 2, shaggy fur 1, tough skin 2
a: Renounce Religion


You were on level 11 of the Dungeon.
You worshipped Xom.
You were a favourite toy of Xom.
You were very full.

You visited 1 branch of the dungeon, and saw 11 of its levels.

You collected 89 gold pieces.
You spent 42 gold pieces at shops.

Inventory:

Hand Weapons
 o - a +0 giant club
Missiles
 c - 5 large rocks
 Z - 2 throwing nets (quivered)
Armour
 b - a +0 robe
 d - a +0 robe of fire resistance
 h - a +1 robe of cold resistance (worn)
Jewellery
 t - an uncursed ring of teleportation
Wands
 L - a wand of lightning (5)
Scrolls
 a - a scroll of enchant weapon
 g - a scroll of enchant armour {unknown}
 k - a scroll of random uselessness {unknown}
 p - a scroll of recharging {unknown}
 R - a scroll of identify {@r1}
Comestibles
 e - 3 bread rations
 f - a meat ration
 i - 2 fruits
 j - a royal jelly
 l - a slice of pizza


   Skills:
 + Level 5.8 Fighting
 - Level 3.6 Throwing
 + Level 5.7 Dodging
 - Level 0.4 Stealth
 * Level 12.8 Unarmed Combat


You had 8 spell levels left.
You didn't know any spells.

Dungeon Overview and Level Annotations

Branches:
Dungeon (11/15)            Temple (0/1) D:6
   Lair: D:8-11         Orc: D:9-12

Altars:
Sif Muna
Xom

Shops:
D:10 [


Innate Abilities, Weirdness & Mutations

You are too large for most types of armour.
You have claws for hands.
Your metabolism is lightning-fast.
You like to eat raw meat.
You heal very quickly.
You are covered in fur (AC +1).
You have very tough skin (AC +2).
You are surrounded by a mild repulsion field (EV +2).
You are agile. (Dex +2)
You passively map a small area around you.


Message History

The killer bee misses you. The killer bee stings you.
* * * LOW HITPOINT WARNING * * *
The killer bee closely misses you.
You scratch the killer bee.
The killer bee is moderately wounded.
The killer bee barely misses you. The killer bee stings you.
* * * LOW HITPOINT WARNING * * *
The killer bee stings you.
* * * LOW HITPOINT WARNING * * *
You are poisoned.
The killer bee poisons you! The killer bee barely misses you.
The killer bee closely misses you.
You miss the killer bee.
The killer bee is moderately wounded.
You feel sick. The killer bee stings you!
* * * LOW HITPOINT WARNING * * *
Xom roars with laughter!
The killer bee closely misses you. The killer bee stings you.
You die...
Xom giggles madly!

▓ · · ·· ·
· ਜ ▓ ..ਜ
▓·
ਜ.ਜਜਜਜਜਜਜ
..ਜ ▓
........ਜ
..ਜ ·
).......ਜ
..ਜ ▓
..[...y.ਜ
..ਜ ▓
....W.y@ਜ
ਜ.ਜ
▓·......†yਜ
ਜ.ਜਜਜਜ ▓
........ਜ
ਜ)...ਜ
·........ਜ
ਜ.)..ਜ


ਜ▲ਜਜਜਜਜਜਜ ਜ.)..ਜ ਜ....ਜ ਜ....ਜ · ਜ....ਜ ·▓ You could see a wraith and 3 killer
bees.

Vanquished Creatures
  A komodo dragon (D:11)
  A centaur skeleton (D:10)
  The ghost of Goblin1989 the Sneak, an amateur SpAs (D:6)
  A hippogriff (D:7)
  Edmund (D:6)
  2 orc warriors
  An ogre (D:6)
  An ice beast (D:7)
  A water moccasin skeleton (D:11)
  2 scorpions
  2 killer bees (D:11)
  An orc priest (D:10)
  2 crimson imps
  2 hounds
  4 orc wizards
  An iguana (D:4)
  A worker ant (D:9)
  A worker ant zombie (D:5)
  3 adders
  4 gnolls (D:9)
  A shadow imp (D:10)
  2 oozes
  An adder skeleton (D:9)
  3 giant geckos
  13 orcs
  A giant cockroach (D:4)
  2 goblins (D:1)
  A hobgoblin (D:2)
  2 jackals (D:1)
  2 kobolds
  2 quokkas
  4 bats
  A giant gecko zombie (D:7)
  2 giant newts
70 creatures vanquished.

Vanquished Creatures (collateral kills)
  Sigmund (D:6)
  A sky beast (D:6)
  Blork the orc (D:6)
3 creatures vanquished.

Grand Total: 73 creatures vanquished

Notes
Turn   | Place    | Note
--------------------------------------------------------------
     0 | D:1      | Goblin1989 the Troll Hunter began the quest for the Orb.
     0 | D:1      | Reached XP level 1. HP: 19/19 MP: 0/0
    76 | D:1      | Reached skill level 1 in Unarmed Combat
   136 | D:1      | Found a shimmering altar of Xom.
   142 | D:1      | Became a worshipper of Xom of Chaos
   153 | D:1      | Wingboner: Срать мне синими перьями, ну и тайл.
   184 | D:1      | Reached XP level 2. HP: 27/27 MP: 1/1
   226 | D:1      | Wingboner: Планы?
   232 | D:2      | Goblin1989: та попытаюсь поспидранить
   241 | D:2      | Goblin1989: а тайл норм
   241 | D:2      | Goblin1989: сног же троль
   241 | D:2      | Goblin1989: а файтер у меня пугги или как там его
   248 | D:2      | XOM: harmless Conj miscast
   334 | D:3      | XOM: harmless Tloc miscast
   397 | D:3      | XOM: harmless Summ miscast
   398 | D:3      | Reached XP level 3. HP: 14/33 MP: 2/2
   499 | D:4      | XOM: butterfly on damage
   505 | D:4      | Reached skill level 4 in Unarmed Combat
   505 | D:4      | Reached XP level 4. HP: 23/41 MP: 3/3
   695 | D:5      | Entered Level 5 of the Dungeon
   714 | D:6      | Noticed Edmund
   720 | D:6      | XOM: butterfly on damage
   753 | D:6      | XOM: harmless Trmt miscast
   770 | D:6      | Killed Edmund
   770 | D:6      | Reached skill level 5 in Unarmed Combat
   770 | D:6      | Reached XP level 5. HP: 18/48 MP: 4/4
   793 | D:6      | Noticed Goblin1989's ghost (amateur SpAs)
   799 | D:5      | XOM: harmless Hex miscast
   808 | D:5      | Found a deep blue altar of Sif Muna.
   895 | D:6      | XOM: potion effect (heal wounds)
   896 | D:6      | XOM: potion effect (berserk rage)
   900 | D:6      | Killed Goblin1989's ghost
   900 | D:6      | Reached skill level 6 in Unarmed Combat
   900 | D:6      | Reached XP level 6. HP: 55/55 MP: 5/5
   936 | D:6      | XOM: harmless Divn miscast
   956 | D:6      | Noticed an ogre
   961 | D:6      | XOM: butterfly on damage
   964 | D:6      | Killed an ogre
   964 | D:6      | Reached skill level 7 in Unarmed Combat
   994 | D:6      | Found a staircase to the Ecumenical Temple.
  1004 | D:7      | Noticed a hippogriff
  1014 | D:6      | Reached XP level 7. HP: 15/62 MP: 6/6
  1071 | D:7      | Killed a hippogriff
  1071 | D:7      | Reached skill level 8 in Unarmed Combat
  1078 | D:7      | XOM: divination: detect items
  1096 | D:6      | Noticed Blork the orc
  1097 | D:6      | Noticed a sky beast
  1098 | D:6      | Noticed Sigmund
  1105 | D:6      | XOM: summons friendly sun demon
  1110 | D:6      | Killed Blork the orc
  1111 | D:6      | Killed a sky beast
  1124 | D:6      | Killed Sigmund
  1143 | D:6      | XOM: vitrification
  1193 | D:6      | Reached skill level 9 in Unarmed Combat
  1199 | D:6      | Reached XP level 8. HP: 18/70 MP: 7/7
  1207 | D:7      | Noticed a hippogriff
  1257 | D:7      | XOM: potion effect (experience)
  1257 | D:7      | Reached skill level 5 in Fighting
  1257 | D:7      | Reached skill level 5 in Dodging
  1257 | D:7      | Reached skill level 12 in Unarmed Combat
  1257 | D:7      | Reached XP level 9. HP: 55/88 MP: 8/8
  1303 | D:8      | XOM: give mutations
  1303 | D:8      | Gained mutation: You passively map a small area around you. [Xom's grace]
  1303 | D:8      | Gained mutation: You are agile. (Dex +2) [Xom's grace]
  1303 | D:8      | Gained mutation: You are surrounded by a mild repulsion field (EV +2). [Xom's grace]
  1389 | D:10     | Entered Level 10 of the Dungeon
  1417 | D:10     | Found Vema's Antique Armour Boutique.
  1433 | D:10     | Bought an embroidered robe for 21 gold pieces
  1433 | D:10     | Bought a runed robe for 21 gold pieces
  1438 | D:10     | Noticed a centaur skeleton
  1443 | D:10     | Killed a centaur skeleton
  1486 | D:11     | XOM: confuse monster(s)
  1488 | D:11     | Noticed a komodo dragon
  1495 | D:11     | Killed a komodo dragon
  1532 | D:11     | HP: 1/89 [killer bee (9)]
  1532 | D:11     | Slain by a killer bee

Action                   |  1- 3 |  4- 6 |  7- 9 || total
-------------------------+-------+-------+-------++-------
Melee: Unarmed           |    67 |    58 |   107 ||   232
Throw: Large rock        |       |     3 |       ||     3
       Throwing net      |       |       |     1 ||     1
  Use: Potion            |       |     3 |     2 ||     5
       Scroll            |       |       |     5 ||     5
 Stab: Sleeping          |       |     1 |     1 ||     2
       Held in net/web   |       |       |     1 ||     1
       Confused          |       |       |     1 ||     1
  Eat: Chunk             |    10 |     5 |     4 ||    19

Vault maps used:
D:1:      lightli_arrival_lavapool, xom_teletrap_fun
D:2:      lemuel_upstairs_altar, kennysheep_generic_room_12
D:3:      first_bread, uniq_jessica
D:5:      basic_altar, minivault_1, uniq_crazy_yiuf_cottage
D:6:      minmay_temple_entry_glassed_door, hangedman_decor_clover_reticule,
          uniq_prince_ribbit1, uniq_edmund, uniq_blork_the_orc, uniq_sigmund
D:8:      kiku_gazebo_garden_becter, uniq_pikel
D:9:      erik_lair_island, basic_altar
D:10:     serial_shops, shop, uniq_erica
D:11:     uniq_josephine
